General information
- name: GRUDGE
- type: Custom game
- host: BEAR_AND
- saver: BEAR_AND
map: EchoIsles
- players: 5
- length: 22:22
- speed: Fast
- version: 1.26 W3XP
- replay type:

» download(87 KB)
Players
team 1 (winner)
BEAR_AND (
red | 151 APM | 3380 actions | 22:22)
5 Archmage
3 Summon Water Elemental
2 Brilliance Aura
4 Beastmaster
2 Summon Quilbeast
2 Summon Hawk
» actions
| Assign group hotkey | 84 | |
| Basic commands | 75 | |
| Build / train | 115 | |
| Enter build submenu | 42 | |
| Enter hero's abilities submenu | 9 | |
| Give item / drop item | 3 | |
| Remove unit from queue | 4 | |
| Right click | 2004 | |
| Select / deselect | 578 | |
| Select group hotkey | 282 | |
| Use ability | 184 | |
3380 total
» units
| Peasant | 19 | |
| Footman | 5 | |
| Sorceress | 12 | |
| Spell Breaker | 13 | |
| Priest | 2 | |
51 total
» upgrades
| Masonry | 2 | |
| Magic Sentry | 1 | |
| Priest Training | 1 | |
| Sorceress Training | 1 | |
| Plating | 1 | |
6 total
» buildings
| Altar of Kings | 1 | |
| Farm | 11 | |
| Barracks | 1 | |
| Scout Tower | 26 | |
| Arcane Tower | 2 | |
| Keep | 2 | |
| Lumber Mill | 1 | |
| Arcane Vault | 2 | |
| Arcane Sanctum | 3 | |
| Guard Tower | 25 | |
| Town Hall | 1 | |
| Castle | 2 | |
| Blacksmith | 1 | |
78 total
» build order
00:06 Altar of Kings
00:17 Farm
00:36 Barracks
00:41 Farm
01:32 Scout Tower
02:00 Arcane Tower
02:03 Farm
02:38 Farm
03:21 Keep
03:21 Keep
03:24 Farm
03:37 Lumber Mill
04:11 Farm
04:20 Arcane Vault
04:27 Farm
05:44 Arcane Sanctum
05:45 Arcane Sanctum
07:11 Scout Tower
07:11 Scout Tower
07:11 Scout Tower
07:12 Scout Tower
07:12 Scout Tower
07:38 Scout Tower
07:38 Scout Tower
07:38 Scout Tower
07:39 Scout Tower
07:46 Guard Tower
07:47 Guard Tower
07:52 Guard Tower
07:53 Guard Tower
07:59 Guard Tower
08:00 Guard Tower
08:30 Guard Tower
08:43 Guard Tower
09:03 Guard Tower
09:47 Arcane Sanctum
12:28 Town Hall
12:32 Scout Tower
13:17 Arcane Tower
13:20 Farm
13:21 Farm
13:22 Farm
15:01 Castle
15:01 Castle
15:24 Scout Tower
15:25 Scout Tower
15:26 Scout Tower
15:30 Blacksmith
15:32 Farm
18:29 Scout Tower
18:30 Scout Tower
18:30 Scout Tower
18:31 Scout Tower
18:31 Scout Tower
18:31 Scout Tower
18:31 Scout Tower
19:17 Guard Tower
19:17 Guard Tower
19:32 Guard Tower
19:33 Scout Tower
19:35 Guard Tower
19:35 Guard Tower
19:35 Guard Tower
19:42 Arcane Vault
20:24 Guard Tower
20:26 Scout Tower
20:43 Guard Tower
20:44 Guard Tower
20:46 Scout Tower
20:47 Scout Tower
21:53 Guard Tower
21:54 Guard Tower
» items
| Scroll of Regeneration | 2 | |
| Lesser Clarity Potion | 5 | |
7 total
team 2 (loser)
Nic (
light-blue | 49 APM | 1091 actions | 22:22)
5 Blademaster
3 Wind Walk
2 Critical Strike
3 Shadow Hunter
2 Healing Wave
1 Hex
» actions
| Basic commands | 4 | |
| Build / train | 64 | |
| Enter build submenu | 23 | |
| Enter hero's abilities submenu | 8 | |
| Give item / drop item | 2 | |
| Remove unit from queue | 1 | |
| Right click | 459 | |
| Select / deselect | 415 | |
| Use ability | 115 | |
1091 total
» units
| Peon | 7 | |
| Grunt | 6 | |
| Raider | 6 | |
| Forest Troll Shadow Priest | 1 | |
| Forest Troll Berserker | 1 | |
| Spirit Walker | 4 | |
25 total
» upgrades
| Berserker Strength | 1 | |
| Ensnare | 1 | |
| Spirit Walker Training | 1 | |
| Pillage | 1 | |
4 total
» buildings
| Altar of Storms | 1 | |
| Orc Burrow | 6 | |
| Barracks | 1 | |
| Voodoo Lounge | 1 | |
| Stronghold | 1 | |
| War Mill | 1 | |
| Spirit Lodge | 2 | |
| Beastiary | 1 | |
| Watch Tower | 4 | |
| Fortress | 1 | |
19 total
» build order
00:06 Altar of Storms
00:10 Orc Burrow
00:29 Barracks
01:51 Orc Burrow
01:56 Orc Burrow
02:05 Voodoo Lounge
03:27 Stronghold
04:00 War Mill
05:20 Orc Burrow
05:56 Spirit Lodge
06:05 Beastiary
07:53 Watch Tower
08:06 Watch Tower
09:25 Orc Burrow
10:02 Orc Burrow
11:10 Spirit Lodge
12:30 Watch Tower
12:37 Watch Tower
15:56 Fortress
» items
| Healing Salve | 7 | |
| Lesser Clarity Potion | 6 | |
| Scroll of Speed | 3 | |
| Scroll of Town Portal | 1 | |
| Orb of Lightning | 1 | |
| Potion of Healing | 2 | |
| Potion of Mana | 2 | |
22 total
observersbornintheUSA,
iggy_the_fisk,
nadman Chat log
(00:20 / All) Nic: ;)
(01:43 / All) BEAR_AND: lol
(01:49 / All) BEAR_AND: you
(01:50 / All) BEAR_AND: are
(01:51 / All) BEAR_AND: shit
(04:33 / All) BEAR_AND: hey
(04:36 / All) BEAR_AND: do you ever want to die
(04:39 / All) BEAR_AND: you should kill yourself
(04:53 / All) Nic: like ur mom
(06:48 / All) BEAR_AND: bitch
(06:49 / All) BEAR_AND: bitch
(06:50 / All) BEAR_AND: bitch
(06:51 / All) BEAR_AND: biotch
(06:55 / All) BEAR_AND: bitch
(06:56 / All) BEAR_AND: bitch
(06:57 / All) BEAR_AND: bitch
(06:58 / All) BEAR_AND: bitch
(09:31 / All) Nic: ?
(09:32 / All) Nic: noob
(09:39 / All) BEAR_AND: lol
(11:38 / All) Nic: noob
(11:39 / All) Nic: come
(11:40 / All) Nic: baby
(11:47 / All) Nic: im not noob
(16:03 / All) Nic: noob
(16:05 / All) BEAR_AND: LOL
(16:08 / All) Nic: xD
(16:09 / All) BEAR_AND: french garbage
(17:01 / All) BEAR_AND: LMAO
(17:48 / All) BEAR_AND: quit
(17:48 / All) BEAR_AND: quit
(17:49 / All) BEAR_AND: quit
(17:49 / All) BEAR_AND: quit
(17:50 / All) BEAR_AND: bitch
(17:51 / All) BEAR_AND: bitch
(17:52 / All) BEAR_AND: bithc
(19:57 / All) BEAR_AND: bith
(19:58 / All) BEAR_AND: Bitch
(20:01 / All) BEAR_AND: bitch
(20:01 / All) BEAR_AND: bitch
(20:03 / All) BEAR_AND: bitch
(20:04 / All) Nic: hmmm
(20:05 / All) BEAR_AND: french scum
(20:05 / All) Nic: ok
(20:07 / All) BEAR_AND: leave
(20:09 / All) BEAR_AND: garbage
(20:17 / All) BEAR_AND: quit
(20:19 / All) BEAR_AND: bow to me
(20:21 / All) BEAR_AND: kiss my toronto feet
(20:24 / All) Nic: na just for you
(20:53 / All) BEAR_AND: LOL
(21:05 / All) Nic: get a life
(21:07 / All) BEAR_AND: LOL
(21:07 / All) Nic: 0-0
(21:08 / All) BEAR_AND: YOU ASK FOR 1v1
(21:10 / All) BEAR_AND: I WIN
(21:12 / All) BEAR_AND: YOU GET M AD
(21:12 / All) BEAR_AND: LOL
(21:18 / All) Nic: fucking gamer no life xD
(21:20 / All) BEAR_AND: LOL!
(21:21 / All) BEAR_AND: LOL
(21:22 / All) BEAR_AND: LOL
(21:45 / All) BEAR_AND: LOL
(22:04 / All) Nic: come
(22:06 / All) Nic: kill hero
(22:09 / All) BEAR_AND: nah
(22:10 / All) BEAR_AND: win game
(22:10 / All) Nic: :D
(22:11 / All) BEAR_AND: lol
(22:17 / All) BEAR_AND: GG
(22:19 / All) BEAR_AND: CLAN TOWA #1